 Dungeon Crawl Stone Soup version 0.18-a0-1805-g8ab820f (webtiles) character file.

7576 epen the Grappler (level 10, -8/90 HPs)
             Began as a Troll Monk on Apr 25, 2016.
             Was a High Priest of Cheibriados.
             Mangled by a death knight
             ... wielding a +3 morningstar
              (29 damage)
             ... on level 11 of the Dungeon.
             The game lasted 00:16:56 (8396 turns).

epen the Grappler (Troll Monk)                      Turns: 8396, Time: 00:16:57

Health: -8/90      AC:  6    Str: 35    XL:     10   Next: 97%
Magic:  11/11      EV: 21    Int: 21    God:    Cheibriados [*****.]
Gold:   401        SH:  0    Dex: 32    Spells: 0 memorised, 9 levels left

rFire  . . .     SeeInvis .       - Unarmed
rCold  . . .     Gourm    +     G - +1 robe {rN+}
rNeg   + . .     Faith    .     (no shield)
rPois  .         Spirit   .     F - +1 hat
rElec  .         Dismiss  .     (no cloak)
rCorr  .         Reflect  .     (gloves unavailable)
SustAt .         Harm     .     (boots unavailable)
MR     .....     Rnd*Rage +     (no amulet)
Stlth  +++.......               (no ring)
                                w - +4 ring of dexterity

@: about to teleport, very slow, not resistant to hostile enchantments, fairly
stealthy
A: unfitting armour, claws 3, berserk 1, deformed body, fast metabolism 3, frail
1, gourmand, regeneration 2, screaming 1, shaggy fur 1, tough skin 2, MP-powered
wands
a: Bend Time, Temporal Distortion, Slouch, Step From Time, Renounce Religion


You were on level 11 of the Dungeon.
You worshipped Cheibriados.
Cheibriados was extremely pleased with you.
You were full.

You visited 2 branches of the dungeon, and saw 12 of its levels.
You also visited: Bailey.

You collected 626 gold pieces.
You spent 225 gold pieces at shops.

Inventory:

Missiles
 D - 3 throwing nets (quivered)
Armour
 a - a +0 robe
 l - a +0 hat
 p - a +0 robe of cold resistance
 F - a +1 hat (worn)
 G - a +1 robe of positive energy (worn)
Jewellery
 w - a +4 ring of dexterity (left claw)
 z - an uncursed amulet of faith
Wands
 i - a wand of iceblast (8/15)
 n - a wand of iceblast (6/15)
 y - a wand of lightning (12/15)
 E - a wand of flame (22/48)
 H - a wand of slowing (18/48)
 I - a wand of paralysis (5/24)
 K - a wand of acid (7/15)
Scrolls
 e - 2 scrolls of enchant armour
 j - 6 scrolls of magic mapping
 m - 5 scrolls of remove curse
 r - 7 scrolls of teleportation
 u - 3 scrolls of enchant weapon
 L - a scroll of identify
 M - a scroll of brand weapon {unknown}
Potions
 d - 4 potions of lignification
 f - 3 potions of might
 g - 2 potions of magic
 h - 4 potions of curing
 k - a potion of brilliance
 s - 2 potions of haste
 t - a potion of heal wounds
 x - 3 potions of cancellation
 A - a potion of invisibility {unknown}
 J - a potion of resistance
Books
 C - a book of Transfigurations

   Spells                             Type                      Level
   a - Irradiate                      Conjuration/Transmutation    5
   b - Statue Form                    Transmutation/Earth          6
   c - Hydra Form                     Transmutation                6
   d - Dragon Form                    Transmutation                7
Comestibles
 b - 9 bread rations
 c - 8 fruits
 o - a slice of pizza
 q - 2 beef jerkies
 v - 9 meat rations
 B - 2 royal jellies


   Skills:
 + Level 6.5 Fighting
 + Level 1.0 Armour
 * Level 9.2 Dodging
 - Level 1.1 Stealth
 * Level 11.1 Unarmed Combat
 * Level 3.1 Invocations


You had 9 spell levels left.
You didn't know any spells.

Dungeon Overview and Level Annotations

Branches:
Dungeon (11/15)            Temple (1/1) D:7            Lair (0/8) D:11
    Orc: D:9-12

Altars:
Ashenzari
Cheibriados
Dithmenos
Elyvilon
Fedhas
Gozag
Kikubaaqudgha
Makhleb
Nemelex Xobeh
Okawaru
Pakellas
Qazlal
Ru
Sif Muna
Trog
Vehumet
Xom
Yredelemnul
Zin
The Shining One

Shops:
D:6 *

Annotations:
D:6 Pikel


Innate Abilities, Weirdness & Mutations

You are too large for most types of armour.
You have claws for hands.
Your metabolism is lightning-fast.
You like to eat raw meat.
You heal very quickly.
You are covered in fur (AC +1).
You have very tough skin (AC +2).
You tend to lose your temper in combat.
Armour fits poorly on your strangely shaped body.
You are frail (-10% HP).
You occasionally shout uncontrollably at your foes.
You expend magic power (3 MP) to strengthen your wands.


Message History

The death knight is heavily wounded.
The death knight hits you with an enchanted morningstar!!
You barely miss the death knight.
The death knight is heavily wounded.
You claw the death knight!
The death knight is heavily wounded.
The death knight hits you with an enchanted morningstar!
* * * LOW HITPOINT WARNING * * *
Drink which item? (? for menu, Esc to quit)
Okay, then.
Read which item? (? for menu, Esc to quit)
As you read the scroll of teleportation, it crumbles to dust.
You feel strangely unstable. The death knight completely misses you.
You scratch the death knight but do no damage.
You claw the death knight!
The death knight is severely wounded.
You scratch the death knight but do no damage.
The death knight is severely wounded.
The death knight hits you with an enchanted morningstar!!
You die...

....#......#>.......#
....#......#........#
....#......####'##### .
....'......#........# ..
....#......#........#...
....#......#............
....#......#............
....#......#............
....#......#....@.......
....#.....)####p########
....#......#...WW......
#......#...z.......
###'####......W....
#......#.......z...
#......#........ยง..
#......#......p....
#......#...........


You could see a death knight, a skeletal warrior and a phantasmal warrior.

Vanquished Creatures
  Erolcha (D:8)
  A hill giant (D:10)
  A troll (D:9)
  Sigmund (D:6)
  A wyvern (D:10)
  5 yaks (D:9)
  A steam dragon (D:7)
  A hippogriff (D:9)
  A water moccasin (D:7)
  2 orc warriors
  A sky beast (D:5)
  An ice beast (D:11)
  5 phantoms
  6 ogres
  An eye of draining (D:8)
  5 centaurs
  A crocodile (D:10)
  Blork the orc (D:6)
  A big kobold (D:9)
  4 giant frogs
  A wyvern zombie (D:10)
  7 scorpions
  4 howler monkeys (D:9)
  3 crimson imps
  A giant frog zombie (D:6)
  A gnoll shaman (D:5)
  A quasit (D:8)
  5 hounds
  A jelly (D:6)
  4 giant frog skeletons
  10 orc priests
  10 orc wizards
  2 centaur skeletons
  3 iguanas
  5 worker ants
  A killer bee zombie (D:7)
  2 hound skeletons
  10 gnolls
  8 adders
  A howler monkey skeleton (D:8)
  4 shadow imps
  An ooze (D:2)
  An adder zombie (D:9)
  2 adder skeletons (D:7)
  A worm (D:4)
  3 dart slugs
  6 giant geckos
  40 orcs
  5 giant cockroaches
  2 gnoll zombies (D:3)
  13 goblins
  10 hobgoblins
  12 jackals
  9 quokkas
  A ball python (D:3)
  5 bats
  4 giant newts
  25 kobolds
  A quokka skeleton (D:9)
  A quokka zombie (D:7)
  6 rats
  A plant (D:3)
274 creatures vanquished.

Notes
Turn   | Place    | Note
--------------------------------------------------------------
     0 | D:1      | epen the Troll Monk began the quest for the Orb.
     0 | D:1      | Reached XP level 1. HP: 22/22 MP: 0/0
   132 | D:1      | Reached XP level 2. HP: 28/29 MP: 1/1
   727 | D:2      | Reached XP level 3. HP: 36/36 MP: 2/2
   775 | D:2      | Found a glowing golden altar of the Shining One.
   900 | D:2      | Found an opulent altar of Gozag.
  1176 | D:3      | Reached XP level 4. HP: 44/44 MP: 3/3
  1339 | D:3      | Reached skill level 5 in Unarmed Combat
  1349 | D:3      | Found a basalt altar of Yredelemnul.
  1525 | D:3      | Found a bloodstained altar of Trog.
  1836 | D:4      | Reached XP level 5. HP: 50/52 MP: 4/4
  1981 | D:4      | Noticed a phantom
  2004 | D:4      | Killed a phantom
  2123 | D:4      | Found a white marble altar of Elyvilon.
  2282 | D:5      | Entered Level 5 of the Dungeon
  2282 | D:5      | Noticed a sky beast
  2290 | D:5      | Killed a sky beast
  2290 | D:5      | Reached skill level 6 in Unarmed Combat
  2290 | D:5      | Reached XP level 6. HP: 61/61 MP: 5/5
  2605 | D:5      | Reached XP level 7. HP: 51/67 MP: 6/6
  2851 | D:5      | Reached skill level 5 in Dodging
  3061 | D:5      | Reached skill level 7 in Unarmed Combat
  3243 | D:5      | Reached XP level 8. HP: 76/78 MP: 7/7
  3290 | D:5      | Gained mutation: You regenerate. [potion of mutation]
  3290 | D:5      | Gained mutation: You occasionally shout uncontrollably at your foes. [potion of mutation]
  3291 | D:5      | Gained mutation: You tend to lose your temper in combat. [potion of mutation]
  3291 | D:5      | Gained mutation: You expend magic power (3 MP) to strengthen your wands. [potion of mutation]
  3291 | D:5      | Gained mutation: You are frail (-10% HP). [potion of mutation]
  3292 | D:5      | Gained mutation: Armour fits poorly on your strangely shaped body. [potion of mutation]
  3292 | D:5      | Lost mutation: You regenerate. [potion of mutation]
  3362 | D:6      | Noticed Sigmund
  3371 | D:6      | Killed Sigmund
  3481 | D:6      | Noticed Blork the orc
  3510 | D:6      | Killed Blork the orc
  3510 | D:6      | Reached skill level 8 in Unarmed Combat
  3598 | D:6      | Noticed Pikel
  3801 | D:6      | Found a white marble altar of Elyvilon.
  3845 | D:6      | Found Faluqeat's Assorted Antiques.
  4022 | D:6      | Found a radiant altar of Vehumet.
  4025 | D:6      | Found a glowing silver altar of Zin.
  4029 | D:6      | Found an ancient bone altar of Kikubaaqudgha.
  4055 | D:6      | Bought 3 scrolls of teleportation for 225 gold pieces
  4178 | D:6      | Found a burning altar of Makhleb.
  4178 | D:6      | Noticed a cacodemon
  4264 | D:7      | Found a staircase to the Ecumenical Temple.
  4274 | Temple   | Entered the Ecumenical Temple
  4432 | D:7      | Reached XP level 9. HP: 78/78 MP: 8/8
  4862 | D:7      | Found a snail-covered altar of Cheibriados.
  4862 | D:7      | Found a stormy altar of Qazlal.
  4905 | D:7      | Became a worshipper of Cheibriados the Contemplative
  4905 | D:7      | Reached * piety under Cheibriados
  4905 | D:7      | Reached ** piety under Cheibriados
  4929 | D:7      | Reached skill level 5 in Fighting
  4956 | D:7      | Reached skill level 9 in Unarmed Combat
  5455 | D:8      | Reached *** piety under Cheibriados
  5772 | D:8      | Noticed Erolcha
  5788 | D:8      | Killed Erolcha
  5858 | D:8      | Found a shattered altar of Ashenzari.
  5978 | D:8      | Reached skill level 10 in Unarmed Combat
  6177 | D:8      | Reached **** piety under Cheibriados
  6352 | D:8      | Reached XP level 10. HP: 88/88 MP: 9/9
  6643 | D:9      | Found a flagged portal.
  6653 | Bailey   | Entered a bailey
  6667 | Bailey   | Noticed an orc warlord
  6800 | D:9      | Reached ***** piety under Cheibriados
  6867 | D:9      | Reached skill level 1 in Invocations
  7015 | D:9      | Found a blossoming altar of Fedhas.
  7356 | D:10     | Entered Level 10 of the Dungeon
  7828 | D:10     | Noticed a hill giant
  7841 | D:10     | Killed a hill giant
  7841 | D:10     | Reached skill level 1 in Armour
  7841 | D:10     | Reached skill level 11 in Unarmed Combat
  8353 | D:11     | Found a staircase to the Lair.
  8373 | D:11     | Noticed a skeletal warrior
  8373 | D:11     | Noticed a phantasmal warrior
  8374 | D:11     | Noticed a death knight
  8396 | D:11     | Mangled by a death knight

Vault maps used:
D:1:      elethiomel_arrival_quiet
D:2:      grunt_gozag_statues, lemuel_doored_altar, first_bread
D:3:      lemuel_zombie_altar_yredelemnul, overflow_temple_1_default,
          serial_bayou_lagoon_a
D:4:      wad_pebble_path, elyvilon_altar_5
D:6:      makhleb_altar_promises_db, nicolae_overflow_hidden_temple,
          basic_altar, serial_shops, nicolae_shop_waterfront, uniq_pikel,
          uniq_blork_the_orc, uniq_sigmund
D:7:      gammafunk_temple_overflow_wave, minmay_temple_entry_grid
D:8:      corexii_shantytown, old_standard_altar, uniq_erolcha
D:9:      basic_altar, enter_bailey_8
D:11:     lair_0_dummy
Temple:   nicolae_temple_figure_zero
Bailey:   bailey_axe_bossmonster_kennysheep, bailey

Skill      XL: |  1  2  3  4  5  6  7  8  9 10 |
---------------+-------------------------------+-----
Dodging        | 3 4 5 6 8 9 |  9.2
Unarmed Combat | 5 6 7 8 10 11 | 11.1
Fighting       | 3 4 5 6 |  6.5
Invocations    | 3 |  3.1
Armour         | 1 |  1.0
Stealth        | |  1.1

Action                   |  1- 3 |  4- 6 |  7- 9 | 10-12 || total
-------------------------+-------+-------+-------+-------++-------
Melee: Unarmed           |    67 |   115 |   339 |   209 ||   730
       Punch             |     1 |     3 |    18 |    20 ||    42
  Use: Scroll            |       |       |    16 |     6 ||    22
       Potion            |       |       |     5 |       ||     5
 Stab: Sleeping          |     3 |     4 |    14 |     2 ||    23
       Distracted        |       |       |     1 |     1 ||     2
  Eat: Bread ration      |     1 |       |       |       ||     1
       Chunk             |    12 |     5 |    39 |    16 ||    72
Armor: Robe              |    22 |    19 |    57 |    41 ||   139
Dodge: Dodged            |    26 |    46 |   186 |   207 ||   465
